 Dungeon Crawl Stone Soup version 0.17.1-3-g152610e (webtiles) character file.

4716 Goblin1989 the Cruncher (level 10, -12/46 HPs)
             Began as a Vine Stalker Gladiator on Mar 11, 2016.
             Was an Initiate of Gozag.
             Mangled by a troll (15 damage)
             ... on level 9 of the Dungeon.
             The game lasted 00:19:44 (6364 turns).

Goblin1989 the Cruncher (Vine Stalker Gladiator)    Turns: 6364, Time: 00:19:44

Health: -12/46     AC: 10    Str: 21    XL:     10   Next: 45%
Magic:  0/11       EV:  8    Int:  8    God:    Gozag
Gold:   375        SH:  0    Dex: 15    Spells: 0 memorised, 9 levels left

rFire  . . .     SeeInvis .     a - +4 quarterstaff (chaos)
rCold  . . .     Clarity  .     y - +0 chain mail {rPois}
rNeg   . . .     SustAt   .     (shield currently unavailable)
rPois  +         Gourm    .     c - +0 helmet
rElec  .         Spirit   +     v - +0 cloak {+Inv}
rCorr  .         Warding  .     (no gloves)
rMut   .         Stasis   .     (no boots)
MR     +....                    (no amulet)
Stlth  ..........               (no ring)
                                (no ring)

@: somewhat resistant to hostile enchantments, extremely unstealthy
A: fangs 3, regeneration 2, magic shield, antimagic bite, no device heal 3, rot
immunity
a: Potion Petition, Call Merchant, Bribe Branch, Renounce Religion, Evoke
Invisibility


You were on level 9 of the Dungeon.
You worshipped Gozag.
Gozag was noncommittal.
You were hungry.

You visited 2 branches of the dungeon, and saw 10 of its levels.

You collected 936 gold pieces.
You spent 376 gold pieces at shops.
You paid 185 gold pieces to Gozag.

Inventory:

Hand Weapons
 a - a +4 quarterstaff of chaos (weapon)
 b - a +0 hunting sling
Missiles
 i - 32 sling bullets
 l - 237 stones (quivered)
Armour
 c - a +0 helmet (worn)
 v - a +0 cloak of invisibility (worn)
 y - a +0 chain mail of poison resistance (worn)
 C - the +1 plate armour of Minor Irritation {+Blink rC- Int+4 Stlth+}
   (You found it on level 7 of the Dungeon)

   It affects your intelligence (+4).
   It makes you vulnerable to cold.
   It lets you blink.
   It makes you more stealthy.
Wands
 h - a wand of paralysis (6)
 j - a wand of slowing (38)
 q - a wand of polymorph (9)
 A - a wand of random effects (21)
 G - a wand of disintegration (15)
Scrolls
 e - 3 scrolls of magic mapping {unknown}
 g - a scroll of immolation {unknown}
 k - 8 scrolls of remove curse {unknown}
 m - 4 scrolls of amnesia {unknown}
 n - a scroll of teleportation {unknown}
 o - 10 scrolls of identify {unknown}
 p - 2 scrolls of enchant armour {unknown}
 x - a scroll of noise {unknown}
 B - a scroll of fear {unknown}
 H - a scroll of fog {unknown}
Potions
 s - 3 potions of curing {unknown}
 t - a potion of brilliance {unknown}
 w - a potion of resistance {unknown}
 z - 2 potions of magic {unknown}
Books
 u - a book of the Warp

   Spells                             Type                      Level
   a - Recall                         Summoning/Translocation      3
   b - Gell's Gravitas                Hexes/Translocation          3
   c - Force Lance                    Conjuration/Translocation    4
   d - Phase Shift                    Translocation                5
   e - Warp Weapon                    Charms/Translocation         5
   f - Summon Forest                  Summoning/Translocation      5
Comestibles
 d - a meat ration
 f - 5 bread rations
 r - 2 slices of pizza
 D - 9 royal jellies
 E - 3 fruits
 F - 3 beef jerkies


   Skills:
 - Level 1.7 Fighting
 * Level 13.5 Staves
 - Level 1.7 Throwing
 - Level 2.4 Dodging


You had 9 spell levels left.
You didn't know any spells.

Dungeon Overview and Level Annotations

Branches:
Dungeon (9/15)             Temple (1/1) D:7
   Lair: D:8-11         Orc: D:9-12

Altars:
Ashenzari
Cheibriados
Dithmenos
Elyvilon
Fedhas
Gozag
Kikubaaqudgha
Makhleb
Nemelex Xobeh
Okawaru
Qazlal
Ru
Sif Muna
Trog
Vehumet
Xom
Yredelemnul
Zin
The Shining One

Shops:
D:6 [   D:7 !   D:8 }


Innate Abilities, Weirdness & Mutations

You have razor-sharp teeth.
You heal very quickly.
When hurt, damage is shared between your health and your magic reserves.
Your bite disrupts and absorbs the magic of your enemies.
Potions and wands cannot restore your health.
You are immune to rotting.


Message History

You are too injured to fight recklessly!
You are too injured to fight recklessly!
You are too injured to fight recklessly!
You are too injured to fight recklessly!
You are too injured to fight recklessly!
You are too injured to fight recklessly!
You are too injured to fight recklessly!
A troll is nearby!
A troll is nearby!
You are too injured to fight recklessly!
The troll bites you!
* * * LOW HITPOINT WARNING * * *
The troll claws you.
* * * LOW HITPOINT WARNING * * *
The troll barely misses you.
The troll rages.
The troll closely misses you. x2
The troll claws you!
You die...
Your body crumbles into a pile of gold.

..........................
..........................
.............<............
#.........#####..........
#.........#####.......#..
###........................
...........................
?..........................
.........T@....#...........
......$........#...#######.
...............#...........
.....####......#...........
..... ...................
.### #+#########.........
#......... #.........
#.#####...


You could see a troll (berserk).

Vanquished Creatures
  The ghost of Sehdowjr the Thaumaturge, a novice DEWz (D:5)
  A hungry ghost (D:8)
  Eustachio (D:5)
  A soldier ant (D:8)
  A sky beast (D:7)
  An orc warrior (D:7)
  A spider (D:8)
  A water moccasin (D:9)
  3 ice beasts
  2 black bears
  An eye of draining (D:3)
  2 wasps
  2 phantoms
  2 centaurs
  3 ogres
  A big kobold (D:7)
  A brain worm (D:8)
  3 giant frogs
  3 scorpions
  11 killer bees (D:8)
  4 crimson imps
  A centaur zombie (D:5)
  4 wights (D:6)
  A gnoll shaman (D:4)
  4 hounds
  3 jellies
  Crazy Yiuf (D:4)
  An orc priest (D:5)
  A giant frog skeleton (D:4)
  7 worker ants
  2 iguanas (D:5)
  An iron imp (D:6)
  5 orc wizards
  A hound zombie (D:7)
  A hound skeleton (D:8)
  7 gnolls
  6 adders
  4 oozes
  2 adder skeletons
  An adder zombie (D:8)
  2 worms (D:2)
  A giant gecko (D:3)
  31 orcs
  4 bats
  7 goblins
  5 hobgoblins
  9 jackals
  11 kobolds
  5 quokkas
  2 ball pythons
  2 giant cockroaches
  A giant gecko skeleton (D:6)
  6 giant newts
  A quokka zombie (D:6)
  3 rats
189 creatures vanquished.

Notes
Turn   | Place    | Note
--------------------------------------------------------------
     0 | D:1      | Goblin1989 the Vine Stalker Gladiator began the quest for the Orb.
     0 | D:1      | Reached XP level 1. HP: 11/11 MP: 2/2
    69 | D:1      | Reached skill level 3 in Staves
    69 | D:1      | Reached XP level 2. HP: 15/15 MP: 3/3
   255 | D:1      | Reached XP level 3. HP: 18/18 MP: 4/4
   679 | D:2      | Found an iron altar of Okawaru.
   768 | D:2      | Reached skill level 4 in Staves
   799 | D:2      | Reached XP level 4. HP: 10/23 MP: 2/5
  1371 | D:3      | Reached skill level 5 in Staves
  1380 | D:3      | Noticed an eye of draining
  1411 | D:3      | Killed an eye of draining
  1411 | D:3      | Reached XP level 5. HP: 26/26 MP: 6/6
  1518 | D:3      | Found a bloodstained altar of Trog.
  1625 | D:3      | Noticed an ice beast
  1635 | D:3      | Killed an ice beast
  1635 | D:3      | Reached skill level 6 in Staves
  1635 | D:3      | Gained mutation: You heal very quickly. [Vine Stalker growth]
  1635 | D:3      | Reached XP level 6. HP: 30/30 MP: 7/7
  1930 | D:3      | Found a shattered altar of Ashenzari.
  2011 | D:3      | Found a glowing golden altar of the Shining One.
  2266 | D:4      | Reached skill level 7 in Staves
  2266 | D:4      | Reached XP level 7. HP: 26/34 MP: 8/8
  2457 | D:4      | Noticed Crazy Yiuf
  2461 | D:4      | Killed Crazy Yiuf
  2983 | D:4      | Reached skill level 8 in Staves
  3079 | D:5      | Entered Level 5 of the Dungeon
  3079 | D:5      | Found a deep blue altar of Sif Muna.
  3131 | D:5      | Noticed Sehdowjr's ghost (novice DEWz)
  3147 | D:5      | Killed Sehdowjr's ghost
  3147 | D:5      | Reached skill level 9 in Staves
  3147 | D:5      | Gained mutation: You have razor-sharp teeth. [Vine Stalker growth]
  3147 | D:5      | Reached XP level 8. HP: 35/38 MP: 7/9
  3306 | D:5      | Found an ancient bone altar of Kikubaaqudgha.
  3329 | D:5      | Noticed Eustachio
  3339 | D:5      | Killed Eustachio
  3339 | D:5      | Reached skill level 10 in Staves
  3440 | D:5      | Reached XP level 9. HP: 26/42 MP: 8/10
  3594 | D:6      | Found an opulent altar of Gozag.
  3662 | D:6      | Found Doxzom's Armour Boutique.
  3670 | D:6      | Bought a +0 chain mail of poison resistance for 110 gold pieces
  4054 | D:6      | Reached skill level 11 in Staves
  4071 | D:6      | Found a snail-covered altar of Cheibriados.
  4400 | D:7      | Got a jewelled plate armour
  4411 | D:7      | Identified the +1 plate armour of Minor Irritation {+Blink rC- Int+4 Stlth+} (You found it on level 7 of the Dungeon)
  4533 | D:7      | Found Qaemue's Distillery.
  4649 | D:7      | Found a staircase to the Ecumenical Temple.
  4654 | Temple   | Entered the Ecumenical Temple
  4880 | D:6      | Became a worshipper of Gozag Ym Sagoz the Greedy
  5023 | D:7      | Found a shadowy altar of Dithmenos.
  5131 | D:7      | Reached skill level 12 in Staves
  5186 | D:7      | Found a sacrificial altar of Ru.
  5512 | D:8      | Found a sparkling altar of Nemelex Xobeh.
  5561 | D:8      | Found an opulent altar of Gozag.
  5673 | D:8      | Reached XP level 10. HP: 43/46 MP: 11/11
  5783 | D:8      | Reached skill level 13 in Staves
  5903 | D:8      | Found Xeifon's Gadget Boutique.
  5911 | D:8      | Bought a wand of disintegration (15) for 266 gold pieces
  6362 | D:9      | HP: 2/46 [troll (4)]
  6364 | D:9      | Mangled by a troll

Action                   |  1- 3 |  4- 6 |  7- 9 | 10-12 || total
-------------------------+-------+-------+-------+-------++-------
Melee: Quarterstaff      |    40 |    94 |   274 |   114 ||   522
 Fire: Hunting sling     |    16 |    13 |       |       ||    29
  Use: Potion            |       |       |     3 |       ||     3
 Stab: Paralysed         |       |       |     1 |       ||     1
       Confused          |       |       |     2 |       ||     2
       Distracted        |       |       |     1 |       ||     1
  Eat: Chunk             |       |     2 |     4 |       ||     6
       Bread ration      |       |     1 |       |       ||     1
       Fruit             |       |       |     7 |       ||     7
       Meat ration       |       |       |     1 |       ||     1
       Beef jerky        |       |       |     1 |       ||     1
